 Dungeon Crawl Stone Soup version 0.21.1-1-g345015f (webtiles) character file.

709 Limpidissima the Ducker (level 7, -1/43 HPs)
             Began as a Deep Elf Conjurer on July 19, 2018.
             Was a Follower of Cheibriados.
             Succumbed to a water moccasin's poison
             ... on level 6 of the Dungeon.
             The game lasted 00:30:16 (6053 turns).

Limpidissima the Ducker (Deep Elf Conjurer)         Turns: 6053, Time: 00:30:16

Health: -1/43      AC:  6    Str:  7    XL:     7   Next: 40%
Magic:  15/16      EV: 16    Int: 24    God:    Cheibriados [*.....]
Gold:   311        SH:  0    Dex: 17    Spells: 4/16 levels left

rFire    . . .     SeeInvis .   t - +0 mace (holy)
rCold    . . .     Gourm    .   (no shield)
rNeg     . . .     Faith    .   f - +0 robe
rPois    .         Spirit   .   (no helmet)
rElec    .         Reflect  .   x - +0 cloak
rCorr    .         Harm     .   p - +2 pair of gloves
MR       ++...                  (no boots)
Stlth    ++........             (no amulet)
HPRegen  0.14/turn              u - ring of protection from magic
MPRegen  0.15/turn              v - ring of protection from magic

@: lethally poisoned (-1 -> -60), flying, very slow
A: no striking features
a: Bend Time, Renounce Religion


You were on level 6 of the Dungeon.
You worshipped Cheibriados.
Cheibriados was aware of your devotion.
You were not hungry.

You visited 1 branch of the dungeon, and saw 6 of its levels.

You collected 311 gold pieces.

Inventory:

Hand Weapons
 t - a +0 mace of holy wrath (weapon)
Armour
 f - a +0 robe (worn)
 p - a +2 pair of gloves (worn)
 x - a +0 cloak (worn)
 y - a +2 ring mail of cold resistance
Jewellery
 u - a ring of protection from magic (left hand)
 v - a ring of protection from magic (right hand)
 A - an uncursed ring of ice {unknown}
 B - an uncursed ring of fire
Wands
 q - a wand of enslavement (11)
 w - a wand of polymorph (13)
Scrolls
 d - a scroll of magic mapping {unknown}
 e - a scroll of fog {unknown}
 g - 2 scrolls of identify
 h - 6 scrolls of amnesia
 i - a scroll of blinking {unknown}
 l - a scroll of remove curse {unknown}
 m - 2 scrolls of random uselessness {unknown}
 r - 4 scrolls of teleportation {unknown}
Potions
 a - 2 potions of flight
 j - 4 potions of curing {unknown}
 k - a potion of mutation
 n - a potion of brilliance
 o - a potion of resistance
 s - 2 potions of degeneration {unknown}
 z - a potion of haste {unknown}
Books
 b - a book of Conjurations

   Spells                             Type                      Level
   a - Magic Dart                     Conjuration                  1
   b - Searing Ray                    Conjuration                  2
   c - Dazzling Spray                 Conjuration/Hexes            3
   d - Fulminant Prism                Conjuration/Hexes            4
   e - Force Lance                    Conjuration/Translocation    4
   f - Iskenderun's Mystic Blast      Conjuration                  4
Comestibles
 c - 10 rations


   Skills:
 + Level 4.2 Fighting
 + Level 6.3 Dodging
 - Level 2.4 Stealth
 - Level 5.0 Spellcasting
 - Level 5.0 Conjurations


You had 4 spell levels left.
You knew the following spells:

 Your Spells              Type           Power        Failure   Level  Hunger
a - Magic Dart            Conj           ####         1%          1    None
b - Dazzling Spray        Conj/Hex       ###...       10%         3    ##.....
c - Iskenderun's Mystic   Conj           ####....     11%         4    ####...
d - Force Lance           Conj/Tloc      ###.....     30%         4    ####...


Dungeon Overview and Level Annotations

Branches:
Dungeon (6/15)             Temple (0/1) D:6

Altars:
Cheibriados
Fedhas
Vehumet


Message History

The water moccasin is lightly wounded.
You feel sick. The water moccasin barely misses you.
You feel sick. The water moccasin bites you.
You are more poisoned.
The water moccasin poisons you!
You feel very sick. The water moccasin bites you.
* * * LOW HITPOINT WARNING * * *
You are more poisoned.
The water moccasin poisons you!
There is an open door here.
It was a potion of flight.
You feel very buoyant.
You fly up into the air.
* * * LOW HITPOINT WARNING * * *
You feel sick. The water moccasin bites you.
* * * LOW HITPOINT WARNING * * *
You are more poisoned.
The water moccasin poisons you!
You die...

#....#...# #
#........#...##...#
#
#........#...##...#
#
#........#....#...#
#
#........#....+...+
#
#........#....#...#
#
#........#..S##...#
#
#........###'##...#
#
#........'.@..#...#
#
#........#....#)..+
#
#........#....)...#
#
#........#...######
# #........#...## #
#........#....#
#........#....#
#........#....#
#........'....#


You could see a water moccasin.

Vanquished Creatures
  A phantom (D:6)
  A centaur (D:6)
  A centaur zombie (D:6)
  A jelly (D:5)
  An orc priest (D:3)
  A bullfrog skeleton (D:5)
  2 orc wizards
  6 worker ants
  A worker ant zombie (D:6)
  3 gnolls (D:4)
  2 howler monkey skeletons
  5 adders
  3 oozes
  2 adder skeletons
  3 worms
  A dart slug (D:3)
  A leopard gecko (D:3)
  15 orcs
  2 ball pythons
  7 giant cockroaches
  7 goblins
  7 hobgoblins
  7 kobolds (D:1)
  A quokka (D:3)
  2 bats
  5 frilled lizards
  8 rats
96 creatures vanquished.

Notes
Turn   | Place    | Note
-------+----------+-------------------------------------------
     0 | D:1      | Limpidissima the Deep Elf Conjurer began the quest for the Orb.
     0 | D:1      | Reached XP level 1. HP: 10/10 MP: 6/6
    62 | D:1      | Reached XP level 2. HP: 15/15 MP: 1/8
   709 | D:1      | Reached XP level 3. HP: 19/19 MP: 8/10
   723 | D:1      | Learned a level 3 spell: Dazzling Spray
   882 | D:2      | Reached skill level 5 in Conjurations
   995 | D:2      | Found a radiant altar of Vehumet.
  1628 | D:3      | Reached skill level 3 in Dodging
  1719 | D:3      | Reached skill level 1 in Fighting
  1829 | D:3      | Reached XP level 4. HP: 25/25 MP: 7/12
  2159 | D:3      | Learned a level 4 spell: Iskenderun's Mystic Blast
  2164 | D:3      | Learned a level 4 spell: Force Lance
  2374 | D:3      | Reached XP level 5. HP: 25/30 MP: 9/14
  2492 | D:3      | Found a snail-covered altar of Cheibriados.
  3290 | D:4      | Found a blossoming altar of Fedhas.
  3481 | D:4      | Reached skill level 5 in Spellcasting
  3891 | D:4      | Reached skill level 4 in Dodging
  4239 | D:4      | Found a blossoming altar of Fedhas.
  4330 | D:4      | Reached XP level 6. HP: 36/36 MP: 8/15
  4642 | D:3      | Became a worshipper of Cheibriados the Contemplative
  4664 | D:5      | Entered Level 5 of the Dungeon
  5172 | D:5      | Reached skill level 5 in Dodging
  5345 | D:6      | Reached XP level 7. HP: 32/42 MP: 6/16
  5558 | D:6      | Reached * piety under Cheibriados
  5569 | D:6      | Found a staircase to the Ecumenical Temple.
  5656 | D:6      | Reached skill level 6 in Dodging
  6053 | D:6      | Succumbed to a water moccasin's poison

Skill      XL: |  1  2  3  4  5  6  7 |
---------------+----------------------+-----
Spellcasting   | 4 5 |  5.0
Conjurations   | 5 |  5.0
Dodging        | 3 4 5 6 |  6.3
Fighting       | 1 2 3 4 |  4.2
Stealth        | |  2.4

Action                   |  1- 3 |  4- 6 |  7- 9 || total
-------------------------+-------+-------+-------++-------
Melee: Club              |    20 |    23 |       ||    43
       Mace              |       |    34 |    50 ||    84
 Cast: Magic Dart        |    74 |   141 |    22 ||   237
       Dazzling Spray    |     2 |     1 |       ||     3
       Force Lance       |       |     3 |       ||     3
       Iskenderun's Myst |       |     1 |     1 ||     2
Evoke: Wand              |     1 |       |       ||     1
  Use: Scroll            |       |     5 |       ||     5
       Potion            |       |     1 |     1 ||     2
  Eat: Chunk             |     1 |     6 |       ||     7
       Ration            |     1 |     1 |     1 ||     3
Armor: Robe              |     6 |    21 |    11 ||    38
Dodge: Dodged            |    28 |    79 |    72 ||   179
